 Dungeon Sprint DCSS version 0.27-a0-1331-g60ef6b6952 (webtiles) character file.

Game seed: 8835811715470931324

11114 Conn the Scorcher (level 11, 0/64 HPs)
             Began as an Octopode Fire Elementalist on June 25, 2021.
             Was a High Priest of Sif Muna.
             Slain by a 12-headed hydra (9 damage)
             ... in the Dungeon (Sprint I: "Red Sonja").
             The game lasted 00:25:45 (4251 turns).

Conn the Scorcher (Octopode Fire Elementalist)      Turns: 4251, Time: 00:25:45

Health: 0/64       AC:  1    Str:  7    XL:     11   Next: 72%
Magic:  14/29      EV: 19    Int: 22    God:    Sif Muna [*****.]
Gold:   1150       SH:  0    Dex: 12    Spells: 4/39 levels left

rFire    . . .     SeeInvis .   g - +2 short sword (distort)
rCold    + . .     Faith    .   (no shield)
rNeg     . . .     Spirit   .   (helmet restricted)
rPois    .         Reflect  .   (no amulet)
rElec    .         Harm     .   k - +4 ring of evasion
rCorr    .         Rampage  .   j - ring of protection from cold
Will     .....     NoTele   +   (no ring)
Stlth    ++++......             (no ring)
HPRegen  0.20/turn              (no ring)
MPRegen  0.21/turn              (no ring)
                                (no ring)
                                (no ring)

@: unable to read
A: almost no armour, amphibious, 8 rings, camouflage 1, gelatinous body 1,
(nimble swimmer 1), tentacles, inability to read while threatened
a: Renounce Religion, Channel Magic, Forget Spell, Divine Exegesis


You were in the Dungeon.
You worshipped Sif Muna.
Sif Muna was extremely pleased with you.
You visited 1 branch You collected 2270 gold pieces.
You spent 1120 gold pieces at shops.

Inventory:

Hand Weapons
 g - a +2 short sword of distortion (weapon)
Missiles
 e - 3 curare-tipped darts (quivered)
 h - 11 poisoned darts
Jewellery
 j - a ring of protection from cold (right tentacle)
 k - a +4 ring of evasion (left tentacle)
Wands
 c - a wand of iceblast (14)
Scrolls
 f - 2 scrolls of blinking
 l - a scroll of vulnerability {unknown}
Potions
 a - 3 potions of curing
 b - a potion of heal wounds
 d - 2 potions of magic
 i - a potion of mutation {unknown}


   Skills:
 + Level 2.2 Fighting
 + Level 1.4 Short Blades
 + Level 6.4 Dodging
 + Level 6.7 Stealth
 * Level 14.5 Spellcasting
 * Level 12.1 Conjurations
 + Level 2.9 Hexes
 + Level 5.1 Summonings
 + Level 5.5 Translocations
 * Level 16.2 Fire Magic
 + Level 0.2 Poison Magic
 * Level 4.0 Invocations


You had 4 spell levels left.
You knew the following spells:

 Your Spells              Type           Power      Damage    Failure   Level
a - Foxfire               Conj/Fire      100%       2x1d9     0%          1
b - Iskenderun's Mystic   Conj/Tloc      53%        2d11      1%          4
c - Bolt of Magma         Conj/Fire/Erth 27%        4d13      2%          5
d - Sticky Flame          Conj/Fire      68%        2d8       1%          4
e - Fireball              Conj/Fire      34%        3d14      1%          5
f - Mephitic Cloud        Conj/Pois/Air  34%        N/A       1%          3
g - Blink                 Tloc           N/A        N/A       1%          2
i - Ignite Poison         Fire/Tmut/Pois 40%        N/A       1%          3
j - Starburst             Conj/Fire      34%        8x6d10    1%          6
k - Slow                  Hex            29%        N/A       1%          2

Your spell library contained the following spells:

 Spells                   Type           Power      Damage    Failure   Level
 Magic Dart               Conj           100%       1d8       1%          1
 Call Imp                 Summ           38%        N/A       1%          2
 Searing Ray              Conj           100%       3d7       1%          2
 Conjure Flame            Conj/Fire      68%        6-21      1%          3
 Dazzling Flash           Conj/Hex       98%        N/A       1%          3
 Inner Flame              Hex/Fire       55%        N/A       1%          3
 Fulminant Prism          Conj/Hex       24%        3d13      1%          4
 Pain                     Necr           60%        1d7       3%          1
 Corpse Rot               Necr/Air       N/A        N/A       6%          2
 Sublimation of Blood     Necr           7%         N/A       6%          2
 Summon Ice Beast         Ice/Summ       27%        N/A       13%         4
 Irradiate                Conj/Tmut      21%        3d20      9%          5
 Manifold Assault         Tloc           40%        N/A       11%         5
 Summon Forest            Summ/Tloc      19%        N/A       12%         5
 Summon Mana Viper        Hex/Summ       33%        N/A       21%         5
 Ignition                 Fire           36%        3d11      32%         8
 Shadow Creatures         Summ           N/A        N/A       58%         6
 Alistair's Intoxication  Tmut/Pois      10%        N/A       69%         5
 Borgnjor's Vile Clutch   Necr/Erth      7%         N/A       71%         5
 Excruciating Wounds      Necr           7%         N/A       71%         5
 Eringya's Noxious Bog    Tmut/Pois      8%         N/A       99%         6
 Monstrous Menagerie      Summ           19%        N/A       99%         7
 Haunt                    Necr/Summ      13%        N/A       100%        7
 Borgnjor's Revivificati  Necr           7%         N/A       100%        8
 Necromutation            Tmut/Necr      8%         N/A       100%        8
 Death's Door             Necr           7%         N/A       100%        9
 Fire Storm               Conj/Fire      34%        8d9       100%        9


Dungeon Overview and Level Annotations

Branches:
Dungeon (1/1)

Altars:
Cheibriados
Dithmenos
Elyvilon
Fedhas
Gozag
Hepliaklqana
Kikubaaqudgha
Makhleb
Nemelex Xobeh
Okawaru
Qazlal
Ru
Sif Muna
Trog
Uskayaw
Vehumet
Wu Jian
Xom
Yredelemnul
Zin
The Shining One
Jiyva
Lugonu

Shops:
D =:([??:([[(([:*(:(:[:


Innate Abilities, Weirdness & Mutations

You cannot wear most types of armour.
You are amphibious.
You can wear up to eight rings at the same time.
Your skin changes colour to match your surroundings (Stealth+).
Your rubbery body absorbs attacks. (AC +1, EV +1)
((You are camouflaged near water. (Stealth+)))
You have tentacles for arms and can constrict up to eight enemies at once.
You sometimes lose the ability to read scrolls when taking damage.


Message History

Press: ? - help, Dir - look around, f - activate Sif Muna accepts your kill.
You feel a bit more experienced.
Your Invocations skill increases to level 4!
You see here a hog corpse.
You see here a hog corpse.
You see here a hog corpse.
Casting: Starburst (dangerous; 1% risk of failure)
Confirm with . or Enter, or press ? or * to list all spells.
Okay, then.
Unknown command.
Press: ? - help, v - describe, . - travel
Here: a 12-headed hydra (severely wounded, wandering, hasn't noticed you)
The floor.
Unknown command.
Unknown command.
Things that are here:
a hog corpse; a hog corpse; a hog corpse
There is an open door here.
You see here a lindwurm skeleton.
Casting: Starburst (dangerous; 1% risk of failure)
Confirm with . or Enter, or press ? or * to list all spells.
You erupt in a blast of force!
The mystic blast hits the 12-headed hydra!
The 12-headed hydra is severely wounded.
Casting: Iskenderun's Mystic Blast (dangerous; 1% risk of failure)
Confirm with . or Enter, or press ? or * to list all spells.
Okay, then.
There is an open door here.
Casting: Iskenderun's Mystic Blast (dangerous; 1% risk of failure)
Confirm with . or Enter, or press ? or * to list all spells.
You blink.
The 12-headed hydra bites you! x2
You feel threatened and lose the ability to read scrolls!
The 12-headed hydra closely misses you. x2; The 12-headed hydra bites you! x2
* * * LOW HITPOINT WARNING * * *
The 12-headed hydra completely misses you.
The 12-headed hydra bites you.
* * * LOW HITPOINT WARNING * * *
The 12-headed hydra bites you!
You die...

###############################**
..#__#..')..#..#§§§§§§†§§§§§.$#^^
.†'..'..#.).##'#§####.§§§§##$.+^^
#'#__####...'§§#§#,*##.§§##**##*+
#[####(§#####.§D@#+*,###+#,,,**,,
#.#≈§§§§#..##+####^,,*,*,**,,,*,,
_.'≈§≈§.'§§#,^,,^*,,,***,,***,*,,
._#≈≈≈)§#§§#^,^,,+,,,,,**,*,*,*,,
#'##'#####'###,,^*^,,,,*,,***,*,,
#)#...[###.÷.#,^,***++**,**,,,*,,
####'###.###.#,,***,,***,,*+***,,
.'.....'(∩##§#,^****,,***,,,*,≈,,
.###########§#*+*,,*,,*,***,*,≈,,


You could see a 12-headed hydra.

Vanquished Creatures
  2 centaur warriors (D)
  Sonja (D)
  A deep troll (D)
  A lindwurm (D)
  A shining eye (D)
  An oklob plant (D)
  2 unseen horrors (D)
  2 kobold demonologists (D)
  4 demonic crawlers (D)
  A hornet (D)
  A slime creature (D)
  Sigmund (D)
  2 redbacks (D)
  A yak (D)
  13 hogs (D)
  3 floating eyes (D)
  An ogre (D)
  7 necrophages (D)
  8 jellies (D)
  Ijyb (D)
  A ballistomycete spore (D)
55 creatures vanquished.

Vanquished Creatures (collateral kills)
  7 shining eyes (D)
  4 floating eyes (D)
11 creatures vanquished.

Vanquished Creatures (others)
  A gargoyle (D)
  A ballistomycete spore (D)
  52 foxfires (D)
54 creatures vanquished.

Grand Total: 120 creatures vanquished

Notes
Turn   | Place    | Note
-------+----------+-------------------------------------------
     0 | D        | Conn the Octopode Fire Elementalist began the quest for the
                  | Orb.
     0 | D        | Reached XP level 1. HP: 11/11 MP: 3/3
     2 | D        | Noticed Ijyb
    14 | D        | Killed Ijyb
    15 | D        | Reached skill level 5 in Fire Magic
    15 | D        | Reached XP level 2. HP: 17/17 MP: 0/6
    15 | D        | Reached XP level 3. HP: 21/21 MP: 0/7
    71 | D        | Learned a level 3 spell: Conjure Flame
    75 | D        | Learned a level 3 spell: Inner Flame
    81 | D        | Noticed an ogre
   100 | D        | Killed an ogre
   101 | D        | Reached skill level 7 in Fire Magic
   101 | D        | Reached XP level 4. HP: 27/27 MP: 0/10
   204 | D        | Learned a level 4 spell: Sticky Flame
   207 | D        | Noticed Sigmund
   215 | D        | Killed Sigmund
   216 | D        | Reached skill level 5 in Spellcasting
   216 | D        | Reached skill level 9 in Fire Magic
   216 | D        | Reached XP level 5. HP: 17/31 MP: 5/13
   216 | D        | Reached XP level 6. HP: 20/36 MP: 5/14
   355 | D        | Learned a level 5 spell: Fireball
   365 | D        | Found an ornate altar of the Wu Jian Council.
   365 | D        | Found a shimmering blue altar of Sif Muna.
   367 | D        | Found a radiant altar of Vehumet.
   371 | D        | Became a worshipper of Sif Muna the Loreminder
   374 | D        | Reached skill level 10 in Fire Magic
   467 | D        | Killed a gargoyle
   510 | D        | Found Wicviz's Armour Emporium.
   510 | D        | Found an ancient bone altar of Kikubaaqudgha.
   510 | D        | Found a hazy altar of Hepliaklqana.
   510 | D        | Found a stormy altar of Qazlal.
   510 | D        | Found a hide-covered altar of Uskayaw.
   510 | D        | Found a blossoming altar of Fedhas.
   510 | D        | Found a bloodstained altar of Trog.
   510 | D        | Found an iron altar of Okawaru.
   510 | D        | Found a basalt altar of Yredelemnul.
   510 | D        | Found a glowing golden altar of the Shining One.
   510 | D        | Found a snail-covered altar of Cheibriados.
   510 | D        | Found a sacrificial altar of Ru.
   510 | D        | Found a glowing silver altar of Zin.
   510 | D        | Found a shadowy altar of Dithmenos.
   510 | D        | Found a white marble altar of Elyvilon.
   510 | D        | Noticed a yak
   535 | D        | Killed a yak
   536 | D        | Reached skill level 11 in Fire Magic
   536 | D        | Reached XP level 7. HP: 41/41 MP: 5/17
   613 | D        | Found a burning altar of Makhleb.
   613 | D        | Found a viscous altar of Jiyva.
   613 | D        | Found a shimmering altar of Xom.
   613 | D        | Found a corrupted altar of Lugonu.
   613 | D        | Noticed a slime creature
   622 | D        | Killed a slime creature
   622 | D        | Reached * piety under Sif Muna
   623 | D        | Reached skill level 5 in Stealth
   623 | D        | Reached skill level 5 in Conjurations
   781 | D        | Found an opulent altar of Gozag.
   782 | D        | Found a sparkling altar of Nemelex Xobeh.
   792 | D        | Noticed Sonja
   794 | D        | Killed Sonja
   795 | D        | Reached skill level 5 in Dodging
   795 | D        | Reached skill level 13 in Fire Magic
   795 | D        | Reached XP level 8. HP: 47/47 MP: 7/20
   889 | D        | Found Quboum's Jewellery Boutique.
   913 | D        | Noticed a centaur warrior
   913 | D        | Noticed a centaur warrior
   916 | D        | Killed a centaur warrior
   916 | D        | Killed a centaur warrior
   916 | D        | Reached ** piety under Sif Muna
   917 | D        | Reached skill level 10 in Spellcasting
   917 | D        | Reached skill level 14 in Fire Magic
   917 | D        | Reached XP level 9. HP: 52/52 MP: 0/23
  1061 | D        | Noticed a deep troll
  1080 | D        | Killed a deep troll
  1314 | D        | Noticed a hornet
  1318 | D        | Killed a hornet
  1319 | D        | Reached skill level 15 in Fire Magic
  1422 | D        | Noticed an oklob plant
  1584 | D        | Killed an oklob plant
  1584 | D        | Reached *** piety under Sif Muna
  1585 | D        | Reached XP level 10. HP: 57/57 MP: 5/25
  1716 | D        | Found Teciuhi's Armour Emporium.
  1725 | D        | Learned a level 3 spell: Mephitic Cloud
  1728 | D        | Learned a level 2 spell: Blink
  1731 | D        | Learned a level 2 spell: Call Imp
  1751 | D        | Noticed a shining eye
  1751 | D        | Noticed a shining eye
  1751 | D        | Noticed a shining eye
  1783 | D        | Killed a shining eye
  1791 | D        | Killed a shining eye
  1792 | D        | Reached skill level 1 in Summonings
  1792 | D        | Reached skill level 1 in Translocations
  1796 | D        | Paralysed by a floating eye for 4 turns
  1797 | D        | Reached **** piety under Sif Muna
  1798 | D        | Reached skill level 10 in Conjurations
  1833 | D        | Killed a shining eye
  1836 | D        | Noticed a shining eye
  1836 | D        | Noticed a shining eye
  1836 | D        | Noticed a shining eye
  1853 | D        | Killed a shining eye
  1854 | D        | Noticed a shining eye
  1859 | D        | Gained mutation: You sometimes lose the ability to read
                  | scrolls when taking damage. [a shining eye]
  1861 | D        | Killed a shining eye
  1861 | D        | Reached ***** piety under Sif Muna
  1864 | D        | Paralysed by a floating eye for 3 turns
  1868 | D        | Paralysed by a floating eye for 2 turns
  1909 | D        | Noticed a shining eye
  1926 | D        | Killed a shining eye
  1926 | D        | Received a gift from Sif Muna
  1930 | D        | Killed a shining eye
  1931 | D        | Killed a shining eye
  1948 | D        | Found Kitoirenno's Magic Scroll Shop.
  1948 | D        | Found Utuew's Book Shoppe.
  1948 | D        | Found Zeitweumm's Magic Scroll Boutique.
  1948 | D        | Found Kekuam's Weapon Emporium.
  1980 | D        | Bought a scroll of blinking for 90 gold pieces
  1980 | D        | Bought a scroll of blinking for 90 gold pieces
  2040 | D        | Learned a level 3 spell: Ignite Poison
  2047 | D        | Learned a level 6 spell: Starburst
  2050 | D        | Learned a level 2 spell: Slow
  2050 | D        | Noticed a kobold demonologist
  2051 | D        | Noticed a kobold demonologist
  2052 | D        | Killed a kobold demonologist
  2053 | D        | Killed a kobold demonologist
  2054 | D        | Reached skill level 1 in Hexes
  2181 | D        | Bought a book of Conjurations for 330 gold pieces
  2193 | D        | Learned a level 4 spell: Iskenderun's Mystic Blast
  2514 | D        | Noticed an unseen horror
  2517 | D        | Killed an unseen horror
  2518 | D        | Reached XP level 11. HP: 48/62 MP: 11/28
  2651 | D        | Reached skill level 1 in Fighting
  2667 | D        | Identified Sif Muna's Catalogue of Damaging Transformation
                  | (Sif Muna gifted it to you in the Dungeon)
  2667 | D        | Received a gift from Sif Muna
  2679 | D        | Paralysed by a floating eye for 3 turns
  2697 | D        | Reached skill level 5 in Summonings
  2775 | D        | Found Acompa's Weapon Shoppe.
  2778 | D        | Identified Sif Muna's Handbook of Ignition and Stolen Souls
                  | (Sif Muna gifted it to you in the Dungeon)
  2778 | D        | Received a gift from Sif Muna
  2781 | D        | Found Conap's Book Shop.
  2781 | D        | Found Gimucit's Armour Boutique.
  2794 | D        | Found Rusaraisma's Weapon Boutique.
  2794 | D        | Found Vadieh's Book Emporium.
  2795 | D        | Found Biwkap's Book Emporium.
  2962 | D        | Found Viziat's Antique Armour Emporium.
  2962 | D        | Found Zanguinn's Weapon Shop.
  2962 | D        | Found Qooqewef's Weapon Shoppe.
  2962 | D        | Found Renkaust's Armour Boutique.
  2962 | D        | Found Buqeyla's Book Emporium.
  2962 | D        | Found Mun Ekhu's Assorted Antiques.
  2962 | D        | Found Gipluke's Antique Weapon Shoppe.
  2966 | D        | Found Ruanaonn's Book Boutique.
  3036 | D        | Bought a ring of protection from cold for 250 gold pieces
  3036 | D        | Bought a +4 ring of evasion for 360 gold pieces
  3353 | D        | Reached skill level 1 in Invocations
  3564 | D        | Reached skill level 1 in Short Blades
  3564 | D        | Reached skill level 16 in Fire Magic
  4006 | D        | Noticed a lindwurm
  4009 | D        | Killed a lindwurm
  4010 | D        | Reached skill level 5 in Translocations
  4102 | D        | Identified Sif Muna's Guide on Dark Arts and Slavery (Sif
                  | Muna gifted it to you in the Dungeon)
  4102 | D        | Received a gift from Sif Muna
  4105 | D        | Identified Sif Muna's Advanced Magic (Sif Muna gifted it to
                  | you in the Dungeon)
  4105 | D        | Received a gift from Sif Muna
  4223 | D        | Learned a level 5 spell: Bolt of Magma
  4230 | D        | Noticed a 12-headed hydra
  4251 | D        | Slain by a 12-headed hydra

Illustrated notes

Levels and vault maps discovered:
D:        dungeon_sprint_1 [red_sonja_temple_1, red_sonja_temple_small_1]

Skill      XL: |  1  2  3  4  5  6  7  8  9 10 11 |
---------------+----------------------------------+-----
Stealth        | 3 4 5 6 |  6.7
Spellcasting   | 3 4 5 6 8 10 11 13 14 | 14.5
Fire Magic     | 5 7 9 11 13 14 15 16 | 16.2
Dodging        | 3 4 5 6 |  6.4
Conjurations   | 2 3 4 6 8 9 10 12 | 12.1
Summonings     | 4 5 |  5.1
Translocations | 4 5 |  5.5
Hexes          | 2 |  2.9
Fighting       | 2 |  2.2
Invocations    | 4 |  4.0
Short Blades   | 1 |  1.4
Poison Magic   | |  0.2

Action                   |  1- 3 |  4- 6 |  7- 9 | 10-12 || total
-------------------------+-------+-------+-------+-------++-------
Melee: Unarmed           |     5 |       |       |       ||     5
       Tentacles         |     1 |       |       |     5 ||     6
       Short sword       |       |       |       |    20 ||    20
       Constrict         |       |       |       |     6 ||     6
 Cast: Foxfire           |     7 |     9 |     4 |     8 ||    28
       Conjure Flame     |     1 |     1 |     1 |       ||     3
       Sticky Flame      |       |     2 |     3 |    15 ||    20
       Fireball          |       |       |    16 |     9 ||    25
       Call Imp          |       |       |       |    16 ||    16
       Mephitic Cloud    |       |       |       |     2 ||     2
       Starburst         |       |       |       |    11 ||    11
       Blink             |       |       |       |     3 ||     3
       Ignite Poison     |       |       |       |     1 ||     1
       Iskenderun's Myst |       |       |       |    29 ||    29
       Slow              |       |       |       |     2 ||     2
Invok: Forget Spell      |       |       |       |     3 ||     3
  Use: Potion            |     2 |       |       |       ||     2
       Scroll            |       |       |     1 |     2 ||     3
Armor: Skin              |       |       |     1 |     1 ||     2
Dodge: Dodged            |     3 |     3 |     4 |    61 ||    71

Table legend: (Time is in decaauts)
 A = Elapsed time spent in this place.
 B = Non-inter-level travel time spent in this place.
 C = Inter-level travel time spent in this place.
 D = Time resting spent in this place.
 E = Time spent auto-exploring this place.
 F = Levels seen in this place.
 G = Mean time per level.
                   A        B        C        D        E       F      G
               +--------+--------+--------+--------+--------+-----+--------+
         Total |   4247 |   4230 |     17 |   2928 |      0 |   1 | 4247.0 |
       Dungeon |   4247 |   4230 |     17 |   2928 |      0 |   1 | 4247.0 |
               +--------+--------+--------+--------+--------+-----+--------+

Top non-repeatable levels by time:
       D: 4247 daAuts
